 Dungeon Crawl Stone Soup version 0.24-a0-619-gb7544fd237 (webtiles) character file.

Game seed: 1187570570246453243, levelgen mode: deterministic

44 GameOver the Conjurer (level 3, 0/21 HPs)
             Began as an Octopode Wizard on Sept 18, 2019.
             Slain by a gnoll
             ... wielding a cursed -1 flail
              (7 damage)
             ... on level 1 of the Dungeon.
             The game lasted 00:06:06 (1448 turns).

GameOver the Conjurer (Octopode Wizard)             Turns: 1448, Time: 00:06:07

Health: 0/21       AC:  1    Str:  6    XL:     3   Next: 62%
Magic:  0/7        EV: 13    Int: 21    God:
Gold:   36         SH:  0    Dex: 10    Spells: 2/8 levels left

rFire    . . .     SeeInvis .   n - +0 spear
rCold    . . .     Gourm    .   (no shield)
rNeg     . . .     Faith    .   a - +0 hat
rPois    .         Spirit   .   (no amulet)
rElec    .         Reflect  .   (no ring)
rCorr    .         Harm     .   (no ring)
MR       .....                  (no ring)
Stlth    +++.......             (no ring)
HPRegen  0.07/turn              (no ring)
MPRegen  0.10/turn              (no ring)
                                (no ring)
                                (no ring)

@: no status effects
A: almost no armour, stealthy swim, amphibious, 8 rings, constrict 8, camouflage
1, gelatinous body 1
a: no special abilities


You were on level 1 of the Dungeon.
You were hungry.

You visited 1 branch of the dungeon, and saw 2 of its levels.

You collected 36 gold pieces.

Inventory:

Hand Weapons
 d - a +0 club
 j - a +0 dagger of flaming
 n - a +0 spear (weapon)
Missiles
 l - 16 sling bullets
Armour
 a - a +0 hat (worn)
 i - a +0 large shield
Jewellery
 f - an uncursed ring of magical power {unknown}
Scrolls
 e - 2 scrolls of teleportation {unknown}
 g - a scroll of remove curse {unknown}
Potions
 b - a potion of flight {unknown}
 h - 2 potions of curing {unknown}
 k - a potion of agility {unknown}
Comestibles
 c - a ration
 m - 2 chunks of flesh


   Skills:
 - Level 2.0 Dodging
 - Level 2.6 Stealth
 - Level 3.0 Spellcasting
 + Level 3.4 Conjurations
   Level 1.0 Summonings
 - Level 1.0 Translocations


You had 2 spell levels left.
You knew the following spells:

 Your Spells              Type           Power        Failure   Level  Hunger
a - Magic Dart            Conj           ###.         3%          1    None
b - Blink                 Tloc           N/A          13%         2    ##.....
d - Mephitic Cloud        Conj/Pois/Air  #.......     26%         3    ###....

Your spell library contained the following spells:

 Spells                   Type           Power        Failure   Level  Hunger
 Call Imp                 Summ           #.......     13%         2    ##.....
 Slow                     Hex            #.......     21%         2    ##.....
 Conjure Flame            Conj/Fire      ##......     21%         3    ###....


Dungeon Overview and Level Annotations

Branches:
Dungeon (2/15)

Altars:
Okawaru


Innate Abilities, Weirdness & Mutations

You cannot wear most types of armour.
You are very stealthy in the water. (Stealth+)
You are amphibious.
You can wear up to eight rings at the same time.
You can use your tentacles to constrict eight enemies at once.
Your skin changes colour to match your surroundings (Stealth+).
Your rubbery body absorbs attacks. (AC +1, EV +1)


Message History

You barely miss the gnoll. You grab the gnoll.
The gnoll is heavily wounded.
You constrict the gnoll.
The gnoll struggles to escape constriction.
You strike the helpless gnoll from behind!
You hit the gnoll but do no damage.
The gnoll is severely wounded.
You constrict the gnoll, but do no damage.
The gnoll escapes!
Unknown command.
Attack whom?
Press: ? - help, Dir - move target cursor, f/p - gnoll
Aim: a gnoll, wielding a -1 flail (severely wounded, confused)
You reach to attack!
You hit the gnoll.
The gnoll is almost dead.
You hit the gnoll but do no damage. You grab the gnoll.
The gnoll is almost dead.
You constrict the gnoll.
The gnoll hits you with a cursed -1 flail!
You die...

#.# #..##........## #.#.## #.#
#.....#.#.#.## #...#. #####.#
#####.......# #..##. ......#
#..#.#.#.## #..... #############
#.........# ##.### ............#
#..#.#.#..# #.#
#####...###.###.........#####)##
#.#.#.#.###.##..g....##.......(#
..#.#....##.#...@.....#.##.....##
#.#.#.......'.)>......'.....)..).
#...##...#..#.........#.##.....##
##.#######.####......#..##.....#
#.## ##.# #.#####....#.###.#
#..#####..# #.....#...(#.# #.#
###...#...#####.###.#......###.#
.####.#.####....#.#.#..........#
..# #...# #..####.#.############


You could see a gnoll (confused).

Vanquished Creatures
  2 adders (D:2)
  A gnoll (D:2)
  A ball python (D:2)
  A bat (D:1)
  2 giant cockroaches (D:1)
  3 goblins (D:1)
  3 hobgoblins (D:1)
  A frilled lizard (D:1)
  2 kobolds (D:1)
16 creatures vanquished.

Notes
Turn   | Place    | Note
-------+----------+-------------------------------------------
     0 | D:1      | GameOver the Octopode Wizard began the quest for the Orb.
     0 | D:1      | Reached XP level 1. HP: 11/11 MP: 4/4
   534 | D:1      | Reached XP level 2. HP: 17/17 MP: 0/6
  1276 | D:2      | Found an iron altar of Okawaru.
  1294 | D:2      | Reached XP level 3. HP: 21/21 MP: 2/7
  1298 | D:2      | Learned a level 2 spell: Blink
  1302 | D:2      | Learned a level 3 spell: Mephitic Cloud
  1448 | D:1      | Slain by a gnoll

Levels and vault maps discovered:
D:1:      minmay_arrival_open_corners, layout_loops_corners,
          serial_co_window_serial, co_window_corner_a, co_window_paths_a,
          co_window_corner_a, co_window_paths_a, co_window_corner_a,
          co_window_paths_a, co_window_corner_a, co_window_corner_b,
          co_window_corner_b, co_window_of_opportunity_c, co_window_4corner_b,
          co_window_sun, glass_columns_b, glass_columns_b, glass_columns_b
D:2:      layout_rooms, fiery_altar_vehumet, first_ration,
          okawaru_ov_weapons_minmay

Skill      XL: |  1  2  3 |
---------------+----------+-----
Conjurations   | 2 3 |  3.4
Dodging        | |  2.0
Stealth        | |  2.6
Spellcasting   | |  3.0
Summonings     | |  1.0
Translocations | |  1.0

Action                   || total
-------------------------++-------
Melee: Spear             ||    12
       Constrict         ||     3
       Tentacles         ||     1
 Cast: Magic Dart        ||    37
       Mephitic Cloud    ||     2
 Stab: Confused          ||     1
  Eat: Chunk             ||     1
Armor: Skin              ||     2
Dodge: Dodged            ||    11

Table legend:
 A = Non-vault XP
 B = Vault XP
 C = Vault XP percentage of total XP
 D = Non-vault monster count
 E = Vault monster count
 F = Vault count percentage of total count
                 A         B        C        D         E       F
            +---------+---------+-------+---------+---------+-------
      Total |      64 |       0 |   0.0 |      16 |       0 |   0.0
            +---------+---------+-------+---------+---------+-------
        D:1 |      21 |       0 |   0.0 |      12 |       0 |   0.0
        D:2 |      43 |       0 |   0.0 |       4 |       0 |   0.0
            +---------+---------+-------+---------+---------+-------
